 Dungeon Sprint DCSS version 0.19.4-8-ga85b6b9 (webtiles) character file.

10243 equalderp2856 the Eviscerator (level 11, -5/55 HPs)
             Began as a Felid Fighter on Feb 14, 2017.
             Was a Believer of Elyvilon.
             Slain by a harpy (8 damage)
             ... in the Dungeon (Sprint IX: "|||||||||||||||||||||||||||||").
             The game lasted 00:25:09 (6071 turns).

equalderp2856 the Eviscerator (Felid Fighter)       Turns: 6071, Time: 00:25:10

Health: -5/55      AC:  5    Str: 14    XL:     11   Next: 33%
Magic:  16/16      EV: 35    Int: 11    God:    Elyvilon [**....]
Gold:   1877       SH:  0    Dex: 20    Spells: 0 memorised, 10 levels left
                                        Lives:  0   Deaths: 2

rFire  . . .     SeeInvis +       - Unarmed
rCold  + . .     Gourm    .     (armour unavailable)
rNeg   . . .     Faith    .     (shield unavailable)
rPois  .         Spirit   .     (helmet unavailable)
rElec  .         Reflect  .     (cloak unavailable)
rCorr  .         Harm     .     (gloves unavailable)
MR     +....     NoTele   +     (boots unavailable)
Stlth  +++++++...               (no amulet)
                                m - +3 ring of dexterity
                                l - +2 ring of protection

@: mesmerised, quick
A: no armour, no weapons or thrown items, stealth, claws 1, fangs 3, see
invisible, carnivore 3, speed 1, shaggy fur 3, slow metabolism 1, sharp paws
a: Lesser Healing, Heal Other, Divine Protection, Renounce Religion


You were in the Dungeon.
You worshipped Elyvilon.
Elyvilon was pleased with you.
You were not hungry.

You visited 1 branch You collected 1915 gold pieces.
You spent 38 gold pieces at shops.

Inventory:

Jewellery
 l - a +2 ring of protection (left paw)
 m - a +3 ring of dexterity (right paw)
 s - an uncursed ring of fire
 t - an uncursed ring of protection from magic
 u - a +3 ring of dexterity
 v - an uncursed ring of fire
Wands
 k - a wand of acid (7/15)
Scrolls
 h - 3 scrolls of blinking
 i - 4 scrolls of remove curse
 j - 2 scrolls of amnesia
 p - 2 scrolls of recharging
 q - a scroll of fear
 r - a scroll of fog
 x - a scroll of identify
Potions
 a - a potion of invisibility
 c - 4 potions of curing
 d - 5 potions of heal wounds
 e - 2 potions of haste
 f - 4 potions of magic
 g - 2 potions of resistance
 n - a potion of brilliance
 o - a potion of cure mutation
 w - 2 potions of agility
Comestibles
 b - 12 meat rations


   Skills:
 + Level 10.3 Fighting
 + Level 18.4 Dodging
 + Level 15.5 Stealth
 + Level 23.8 Unarmed Combat
 + Level 6.1 Invocations


You had 10 spell levels left.
You didn't know any spells.

Dungeon Overview and Level Annotations

Branches:
Dungeon (1/1)

Altars:
Cheibriados
Dithmenos
Elyvilon
Fedhas
Gozag
Hepliaklqana
Kikubaaqudgha
Makhleb
Nemelex Xobeh
Okawaru
Qazlal
Ru
Sif Muna
Trog
Uskayaw
Vehumet
Xom
Yredelemnul
Zin
The Shining One
Beogh
Jiyva
Lugonu

Shops:
D *=[[


Innate Abilities, Weirdness & Mutations

You cannot wear armour.
You are incapable of wielding weapons or throwing items.
Your paws allow you to move quietly. (Stealth)
You have sharp claws.
You have razor-sharp teeth.
You have supernaturally acute eyesight. (SInv)
You are carnivorous and can eat meat at any time.
You cover ground quickly.
Your thick and shaggy fur keeps you warm. (AC +3, rC+)
You have a slow metabolism.
Your sharp claws are effective at attacking unaware monsters.


Message History

The harpy completely misses you.
The siren chants its luring song.
Unknown command.
Drop what? 24/52 slots (_ for help) (? for menu, Esc to quit)
Okay, then.
You claw the harpy! You bite the harpy, but do no damage.
The harpy is moderately wounded.
The harpy completely misses you. The harpy barely misses you. x2
The harpy claws you.
You completely miss the harpy. You bite the harpy.
The harpy is moderately wounded.
The harpy claws you. The harpy completely misses you.
The wind drake flaps its wings at you. The air twists around and strikes you!
* * * LOW HITPOINT WARNING * * *
The siren chants its luring song.
You mangle the harpy!!
The harpy is almost dead.
The harpy barely misses you. The harpy claws you!
You die...

.)....))...)))).)))))..)[.)))))..
▓▓▓▓▓▓▓▓▓▓▓▓▓▓▓▓▓▓▓▓▓▓▓▓▓▓▓▓▓▓▓▓▓
................))...............
.▓▓▓▓▓▓▓▓▓▓▓▓▓▓▓▓▓▓▓▓▓▓▓▓▓▓▓▓▓▓▓▓
..((.....'.....)))))))).[)[[[[[[.
▓▓▓▓▓▓▓▓▓▓▓▓▓▓▓▓▓▓▓▓▓▓▓▓▓▓▓▓▓▓▓▓▓
.........................†.......
.▓▓▓▓▓▓▓▓▓▓▓▓▓▓▓▓▓▓▓▓▓▓▓▓▓▓▓▓▓▓▓▓
.........(.....'@H.mStmk,+,,,,,,,
▓▓▓▓▓▓▓▓▓▓▓▓▓▓▓▓▓▓▓▓▓▓▓▓*********
,,,,,,,,,,,,,,,,,,,,,,,,,,,,,,,,,
,********************************
,,,,,,,,,,,,,,,,,+,,,,,,,,,,,,,,,
*********************************
,,,,,,,,,,,,,,,,,,,,,,,,,,,,,,,,,
,********************************
,,,,,,,,,,,,+,,,,,,,,,,,,,,,,,,,,


You could see a sea snake, a snapping turtle, a wind drake, a merfolk, a siren
and a harpy.

Vanquished Creatures
  A tengu reaver (D)
  Aizul (D)
  A stone giant (D)
  Azrael (D)
  A merfolk impaler (D)
  A yaktaur captain (D)
  Harold (D)
  A centaur warrior (D)
  An ice dragon (D)
  A hydra (D)
  Erica (D)
  A death yak (D)
  6 orc high priests (D)
  A hill giant (D)
  3 lindwurms (D)
  4 orc knights (D)
  A cyclops (D)
  3 orc sorcerers (D)
  An ugly thing (D)
  Psyche (D)
  2 spiny frogs (D)
  2 rime drakes (D)
  A komodo dragon (D)
  A troll (D)
  3 tyrant leeches (D)
  A two-headed ogre (D)
  A slime creature (D)
  A hippogriff (D)
  2 wraiths (D)
  A wyvern (D)
  3 fire elementals (D)
  2 yaks (D)
  A vampire mosquito (D)
  A water moccasin (D)
  3 hell hounds (D)
  4 porcupines (D)
  6 orc warriors (D)
  A phantom (D)
  A centaur (D)
  2 crocodiles (D)
  3 bullfrogs (D)
  A scorpion (D)
  A wight (D)
  5 orc priests (D)
  3 orc wizards (D)
  A worker ant (D)
  An adder (D)
  An adder zombie (D)
  2 worms (D)
  A dart slug (D)
  14 orcs (D)
  A ball python (D)
  A bat skeleton (D)
  2 goblins (D)
  A ball python skeleton (D)
  A frilled lizard (D)
  A giant cockroach zombie (D)
  A jackal simulacrum (D)
  A quokka skeleton (D)
  A rat (D)
114 creatures vanquished.

Vanquished Creatures (others)
  A spatial maelstrom (D)
1 creature vanquished.

Grand Total: 115 creatures vanquished

Notes
Turn   | Place    | Note
-------+----------+-------------------------------------------
     0 | D        | equalderp2856 the Felid Fighter began the quest for the Orb.
     0 | D        | Reached XP level 1. HP: 10/10 MP: 2/2
     7 | D        | Banished a spatial maelstrom
    17 | D        | Noticed a scorpion
    17 | D        | Noticed a phantom
    28 | D        | Killed a phantom
    28 | D        | Reached skill level 7 in Unarmed Combat
    28 | D        | Reached XP level 2. HP: 8/15 MP: 3/3
    28 | D        | Reached XP level 3. HP: 10/19 MP: 4/4
    28 | D        | Reached XP level 4. HP: 12/22 MP: 5/5
    31 | D        | Reached skill level 5 in Fighting
    31 | D        | Reached skill level 8 in Unarmed Combat
    31 | D        | Reached XP level 5. HP: 15/26 MP: 6/6
   184 | D        | Found a roughly hewn altar of Beogh.
   184 | D        | Found a snail-covered altar of Cheibriados.
   184 | D        | Found a shadowy altar of Dithmenos.
   184 | D        | Found a white marble altar of Elyvilon.
   184 | D        | Found a blossoming altar of Fedhas.
   184 | D        | Found an opulent altar of Gozag.
   185 | D        | Found a hazy altar of Hepliaklqana.
   186 | D        | Found a viscous altar of Jiyva.
   187 | D        | Found an ancient bone altar of Kikubaaqudgha.
   188 | D        | Found a corrupted altar of Lugonu.
   189 | D        | Found a burning altar of Makhleb.
   190 | D        | Found a sparkling altar of Nemelex Xobeh.
   191 | D        | Found an iron altar of Okawaru.
   192 | D        | Found a stormy altar of Qazlal.
   193 | D        | Found a sacrificial altar of Ru.
   194 | D        | Found a deep blue altar of Sif Muna.
   195 | D        | Found a bloodstained altar of Trog.
   196 | D        | Found a hide-covered altar of Uskayaw.
   197 | D        | Found a radiant altar of Vehumet.
   198 | D        | Found a shimmering altar of Xom.
   199 | D        | Found a basalt altar of Yredelemnul.
   200 | D        | Found a glowing silver altar of Zin.
   201 | D        | Found a glowing golden altar of the Shining One.
   634 | D        | Became a worshipper of Elyvilon the Healer
   673 | D        | Noticed a centaur
   676 | D        | Reached skill level 9 in Unarmed Combat
   686 | D        | Reached skill level 1 in Stealth
   690 | D        | Reached skill level 10 in Unarmed Combat
   697 | D        | Killed a centaur
   697 | D        | Gained mutation: You are covered in thick fur. (AC +2) [Felid growth]
   697 | D        | Reached XP level 6. HP: 17/31 MP: 7/7
   838 | D        | Noticed a vampire mosquito
   838 | D        | Noticed a wraith
   838 | D        | Noticed a hill giant
   838 | D        | Noticed a two-headed ogre
   848 | D        | Killed a vampire mosquito
   848 | D        | Reached skill level 10 in Dodging
   848 | D        | Reached skill level 11 in Unarmed Combat
   936 | D        | Killed a wraith
   936 | D        | Reached skill level 5 in Stealth
   936 | D        | Reached skill level 12 in Unarmed Combat
   936 | D        | Reached XP level 7. HP: 35/35 MP: 8/8
   941 | D        | Killed a hill giant
   941 | D        | Reached skill level 13 in Unarmed Combat
   941 | D        | Reached XP level 8. HP: 40/40 MP: 9/9
  1006 | D        | Killed a two-headed ogre
  1151 | D        | Noticed Erica
  1165 | D        | Killed Erica
  1165 | D        | Reached skill level 14 in Unarmed Combat
  1281 | D        | Reached * piety under Elyvilon
  1306 | D        | Noticed a rime drake
  1306 | D        | Noticed a spiny frog
  1307 | D        | Noticed a spiny frog
  1308 | D        | Reached skill level 15 in Unarmed Combat
  1308 | D        | Reached XP level 9. HP: 44/44 MP: 10/10
  1309 | D        | Noticed a rime drake
  1316 | D        | Killed a rime drake
  1424 | D        | Killed a spiny frog
  1430 | D        | Reached skill level 16 in Unarmed Combat
  1440 | D        | Killed a spiny frog
  1440 | D        | Reached skill level 10 in Stealth
  1454 | D        | Killed a rime drake
  1649 | D        | Noticed a death yak
  1652 | D        | Noticed a komodo dragon
  2137 | D        | Killed a death yak
  2137 | D        | Reached skill level 17 in Unarmed Combat
  2137 | D        | Reached XP level 10. HP: 21/49 MP: 11/11
  2381 | D        | Reached skill level 18 in Unarmed Combat
  2464 | D        | Noticed a lindwurm
  2464 | D        | Noticed a lindwurm
  2466 | D        | Noticed a lindwurm
  2487 | D        | Killed a lindwurm
  2863 | D        | Killed a lindwurm
  2863 | D        | Reached skill level 19 in Unarmed Combat
  3069 | D        | Killed a lindwurm
  3069 | D        | Reached skill level 15 in Dodging
  3249 | D        | Reached ** piety under Elyvilon
  3418 | D        | Noticed an orc knight
  3418 | D        | Noticed an orc high priest
  3429 | D        | Killed an orc knight
  3429 | D        | Reached XP level 11. HP: 45/53 MP: 12/12
  3438 | D        | Noticed a sixfirhy
  3487 | D        | Killed an orc high priest
  3487 | D        | Reached skill level 20 in Unarmed Combat
  3682 | D        | Noticed an orc sorcerer
  3690 | D        | Killed an orc sorcerer
  3754 | D        | Found Emuudox's General Store.
  3754 | D        | Noticed an orc high priest
  3754 | D        | Noticed an orc high priest
  3754 | D        | Noticed an orc high priest
  3754 | D        | Noticed an orc sorcerer
  3755 | D        | Noticed an orc knight
  3760 | D        | Noticed an orc high priest
  3761 | D        | Killed an orc high priest
  3813 | D        | Killed an orc high priest
  3875 | D        | Killed an orc high priest
  3875 | D        | Reached skill level 21 in Unarmed Combat
  4022 | D        | Killed an orc sorcerer
  4041 | D        | Killed an orc knight
  4102 | D        | Killed an orc high priest
  4132 | D        | Found Xifel's Jewellery Shoppe.
  4136 | D        | Found Uqykh's Armour Emporium.
  4139 | D        | Found Detho's Antique Armour Shoppe.
  4142 | D        | Noticed an orc knight
  4143 | D        | Noticed an orc sorcerer
  4144 | D        | Noticed an orc high priest
  4248 | D        | Killed an orc knight
  4326 | D        | Killed an orc sorcerer
  4442 | D        | Killed an orc high priest
  4486 | D        | Bought a scroll of magic mapping for 38 gold pieces
  4553 | D        | Noticed Psyche
  4560 | D        | Killed Psyche
  4560 | D        | Reached skill level 22 in Unarmed Combat
  4588 | D        | Reached *** piety under Elyvilon
  4633 | D        | Noticed an orc knight
  4633 | D        | Noticed a four-headed hydra
  4665 | D        | Killed an orc knight
  4870 | D        | Killed a four-headed hydra
  4870 | D        | Gained mutation: Your thick and shaggy fur keeps you warm. (AC +3, rC+) [Felid growth]
  4870 | D        | Reached XP level 12. HP: 37/57 MP: 13/13
  5010 | D        | Noticed a yaktaur captain
  5011 | D        | Noticed a centaur warrior
  5615 | D        | Killed a yaktaur captain
  5659 | D        | Killed a centaur warrior
  5688 | D        | Noticed a stone giant
  5689 | D        | Noticed a tengu reaver
  5691 | D        | Noticed an ice dragon
  5706 | D        | Killed a stone giant
  5716 | D        | Slain by a tengu reaver
  5717 | D        | Reached XP level 11. HP: 0/54 MP: 15/15
  5717 | D        | Noticed Harold
  5724 | D        | Killed Harold
  5757 | D        | Killed an ice dragon
  5757 | D        | Reached skill level 23 in Unarmed Combat
  5757 | D        | Reached skill level 5 in Invocations
  5810 | D        | Killed a tengu reaver
  5810 | D        | Reached skill level 10 in Fighting
  5889 | D        | Noticed Azrael
  5899 | D        | Killed from afar by Azrael
  5900 | D        | Reached XP level 10. HP: 0/51 MP: 15/15
  5944 | D        | Killed Azrael
  5944 | D        | Reached skill level 15 in Stealth
  5948 | D        | Reached XP level 11. HP: 54/54 MP: 16/16
  5976 | D        | Noticed Aizul
  6010 | D        | Killed Aizul
  6053 | D        | Noticed a merfolk impaler
  6053 | D        | Noticed a harpy
  6053 | D        | Noticed a sea snake
  6065 | D        | HP: 2/54 [merfolk impaler/trident (15)]
  6066 | D        | Killed a merfolk impaler
  6071 | D        | Slain by a harpy

Skill      XL: |  1  2  3  4  5  6  7  8  9 10 11 12 |
---------------+-------------------------------------+-----
Fighting       | 4 5 6 7 8 9 10 | 10.3
Dodging        | 6 7 9 10 11 12 14 18 16 17 | 18.4
Unarmed Combat | 7 8 10 12 13 15 17 19 23 | 23.8
Stealth        | 2 5 6 8 11 15 13 14 | 15.5
Invocations    | 6 4 |  6.1

Action                   |  1- 3 |  4- 6 |  7- 9 | 10-12 || total
-------------------------+-------+-------+-------+-------++-------
Melee: Unarmed           |    15 |    41 |    78 |   371 ||   505
       Bite              |     2 |     5 |    14 |    47 ||    68
       Punch             |     1 |     3 |     4 |    34 ||    42
Invok: Heal Other        |       |       |       |    13 ||    13
  Use: Potion            |     2 |     2 |       |     2 ||     6
       Scroll            |       |       |       |     1 ||     1
 Stab: Sleeping          |       |     2 |     2 |     4 ||     8
       Distracted        |       |       |       |     3 ||     3
  Eat: Chunk             |       |       |     8 |       ||     8
       Meat ration       |       |       |       |     1 ||     1
Armor: Skin              |     1 |     1 |     1 |    12 ||    15
Dodge: Dodged            |    16 |    30 |    38 |   295 ||   379
